 Dungeon Crawl Stone Soup version 0.23.0-3-gf3c87f2df8 (webtiles) character file.

Game seed: 1646377530815564362

4429 Acheron the Grappler (level 10, -1/92 HPs)
             Began as a Troll Hunter on Feb 23, 2019.
             Was a Priest of Okawaru.
             Slain by a six-headed hydra (15 damage)
             ... on level 11 of the Dungeon.
             The game lasted 00:47:52 (4977 turns).

Acheron the Grappler (Troll Hunter)                 Turns: 4977, Time: 00:47:53

Health: -1/92      AC:  8    Str: 22    XL:     10   Next: 14%
Magic:  9/11       EV: 17    Int:  7    God:    Okawaru [***...]
Gold:   312        SH:  0    Dex: 17    Spells: 9/9 levels left

rFire    . . .     SeeInvis .   x - +1 giant spiked club
rCold    . . .     Gourm    +   (shield currently unavailable)
rNeg     . . .     Faith    .   i - +0 robe (curse)
rPois    .         Spirit   .   t - +2 hat
rElec    .         Reflect  .   (no cloak)
rCorr    .         Harm     .   (gloves unavailable)
MR       .....                  (boots unavailable)
Stlth    ++++......             (no amulet)
HPRegen  0.65/turn              n - +4 ring of dexterity
MPRegen  0.12/turn              l - ring of flight

@: heroism
A: large, unfitting armour, claws 3, fast metabolism 3, gourmand, regeneration
1, shaggy fur 1, tough skin 3
a: Heroism, Renounce Religion, Evoke Flight


You were on level 11 of the Dungeon.
You worshipped Okawaru.
Okawaru was most pleased with you.
You were completely stuffed.

You visited 2 branches of the dungeon, and saw 11 of its levels.

You collected 312 gold pieces.

Inventory:

Hand Weapons
 a - a +2 dagger of protection
 e - a +0 blowgun
 m - a +0 hunting sling
 o - a +0 dagger of venom
 s - a +4 dagger
 x - a +1 giant spiked club (weapon)
 z - the +3 glaive "Fuamn" {venom, *Corrode rElec Int+2}
   (You found it on level 4 of the Dungeon)

   It poisons the flesh of those it strikes.
   It affects your intelligence (+2).
   It insulates you from electricity.
   It may corrode you when you take damage.
 C - a +2 falchion of slicing
Missiles
 c - 12 large rocks (quivered)
 d - 5 throwing nets
 g - 98 stones
 q - 2 needles of confusion
 r - 119 poisoned needles
 G - 7 javelins
Armour
 b - a +0 robe
 i - a cursed +0 robe (worn)
 t - a +2 hat (worn)
 H - a +2 buckler
Magical Staves
 y - an uncursed staff of wizardry
Jewellery
 l - a ring of flight (right claw)
 n - a +4 ring of dexterity (left claw)
 A - an uncursed ring of ice
Wands
 F - a wand of flame (29)
 J - a wand of clouds (6)
Scrolls
 j - a scroll of identify
 k - 4 scrolls of teleportation
 p - 2 scrolls of remove curse
 B - a scroll of amnesia
Potions
 h - 2 potions of curing
 u - a potion of magic
 v - a potion of degeneration {unknown}
 w - 2 potions of haste {unknown}
 D - a potion of lignification
 E - 2 potions of heal wounds
Comestibles
 f - 16 rations
 I - 2 chunks of flesh


   Skills:
 * Level 3.9(8.9) Fighting
 * Level 5.6(10.6) Throwing
 * Level 6.0(11.0) Dodging
 * Level 2.9(7.9) Stealth
 * Level 9.6(14.6) Unarmed Combat
 * Level 3.0 Invocations


You had 9 spell levels left.
You didn't know any spells.
Your spell library was empty.

Dungeon Overview and Level Annotations

Branches:
Dungeon (12/15)            Temple (1/1) D:6
   Lair: D:8-11         Orc: D:9-12

Altars:
Ashenzari
Cheibriados
Dithmenos
Elyvilon
Fedhas
Hepliaklqana
Kikubaaqudgha
Makhleb
Nemelex Xobeh
Okawaru
Qazlal
Ru
Sif Muna
Trog
Uskayaw
Vehumet
Yredelemnul
Zin
The Shining One

Annotations:
D:1 exclusion: downstairs
D:4 exclusion: downstairs
D:7 1 runed translucent door
D:11 exclusion: downstairs


Innate Abilities, Weirdness & Mutations

You are too large for most types of armour.
You have claws for hands.
Your metabolism is lightning-fast.
You like to eat raw meat.
Your natural rate of healing is unusually fast.
You are covered in fur. (AC +1)
You have extremely tough skin. (AC +3)


Message History

The six-headed hydra bites you!
The six-headed hydra closely misses you. x2
The six-headed hydra bites you but does no damage.
The six-headed hydra barely misses you.
You gain the combat prowess of a mighty hero.
The crimson imp completely misses you. The six-headed hydra bites you! x2
The six-headed hydra bites you. The six-headed hydra barely misses you.
The six-headed hydra bites you! The six-headed hydra bites you.
* * * LOW HITPOINT WARNING * * *
You bludgeon the six-headed hydra!!
The six-headed hydra is heavily wounded.
The crimson imp closely misses you.
The six-headed hydra completely misses you.
The six-headed hydra bites you.
* * * LOW HITPOINT WARNING * * *
The six-headed hydra bites you!
* * * LOW HITPOINT WARNING * * *
The six-headed hydra completely misses you.
The six-headed hydra bites you!
You die...

#..........###≈# ###
#..........# #≈# ..#
##......÷.## #≈# ..#
#..........###≈# ..#
#..........÷..≈# ..#
#..........##.≈####..+
#..........##.≈......##
#......D......≈......≈≈
#.....@5..####≈####..≈8
##[#......## #≈# ..≈≈
#....#.#### #≈# ....
#.#.##.# #≈# ....
#(#.##.# #≈. ...#
#.#.##.# #≈. ##F#
#...#..# ##. (#
..###.## .. #.


You could see a six-headed hydra and a crimson imp.

Vanquished Creatures
  Harold (D:11)
  A cyclops (D:11)
  A tengu conjurer (D:11)
  2 hippogriffs
  A hungry ghost (D:7)
  2 sky beasts (D:11)
  A phantom (Temple)
  6 ogres
  2 centaurs (D:5)
  A big kobold (D:5)
  5 bullfrogs
  3 howler monkeys
  2 crimson imps
  A quasit (D:4)
  A bullfrog zombie (D:5)
  4 hounds
  2 orc priests
  2 bullfrog skeletons
  5 orc wizards
  2 centaur skeletons
  2 iguanas
  4 worker ants
  A hound skeleton (D:4)
  4 gnolls
  7 adders
  A shadow imp (D:5)
  3 oozes
  An adder skeleton (D:5)
  2 worms
  4 dart slugs
  3 leopard geckos
  15 orcs
  A ball python (D:1)
  5 giant cockroaches
  7 hobgoblins
  15 jackals
  29 kobolds
  2 quokkas (D:3)
  6 bats
  A frilled lizard (D:3)
  7 goblins
  2 jackal skeletons (D:4)
  2 leopard gecko skeletons
  A quokka skeleton (D:8)
  A quokka zombie (D:7)
  9 rats
  A plant (D:5)
181 creatures vanquished.

Notes
Turn   | Place    | Note
-------+----------+-------------------------------------------
     0 | D:1      | Acheron the Troll Hunter began the quest for the Orb.
     0 | D:1      | Reached XP level 1. HP: 19/19 MP: 0/0
   226 | D:1      | Reached XP level 2. HP: 25/27 MP: 1/1
  1116 | D:2      | Reached XP level 3. HP: 35/35 MP: 2/2
  1148 | D:1      | Reached skill level 1 in Unarmed Combat
  1314 | D:4      | Noticed an ogre
  1450 | D:3      | Reached skill level 1 in Stealth
  1450 | D:3      | Reached XP level 4. HP: 34/42 MP: 3/3
  1583 | D:3      | Noticed a bullfrog
  1595 | D:3      | Killed a bullfrog
  1595 | D:3      | Reached skill level 2 in Unarmed Combat
  1595 | D:3      | Reached XP level 5. HP: 30/49 MP: 4/4
  1924 | D:5      | Entered Level 5 of the Dungeon
  1977 | D:4      | Killed an ogre
  1977 | D:4      | Reached skill level 3 in Unarmed Combat
  2058 | D:4      | Reached XP level 6. HP: 47/57 MP: 5/5
  2142 | D:4      | Got a faintly glowing glaive
  2143 | D:4      | Identified the +3 glaive "Fuamn" {venom, *Corrode rElec
                  | Int+2} (You found it on level 4 of the Dungeon)
  2208 | D:4      | Reached skill level 4 in Unarmed Combat
  2737 | D:5      | Reached XP level 7. HP: 59/66 MP: 6/6
  2772 | D:5      | Reached skill level 5 in Unarmed Combat
  2915 | D:6      | Noticed a yak
  2916 | D:6      | Noticed a yak
  2916 | D:6      | Noticed a yak
  2958 | D:6      | Found a staircase to the Ecumenical Temple.
  2967 | Temple   | Entered the Ecumenical Temple
  3199 | Temple   | Became a worshipper of Warmaster Okawaru
  3256 | Temple   | Reached skill level 6 in Unarmed Combat
  3256 | Temple   | Reached XP level 8. HP: 74/74 MP: 7/7
  4225 | D:6      | Reached skill level 1 in Invocations
  4232 | D:6      | Found a sparkling altar of Nemelex Xobeh.
  4328 | D:7      | Noticed a hippogriff
  4341 | D:7      | Killed a hippogriff
  4341 | D:7      | Reached * piety under Okawaru
  4341 | D:7      | Reached skill level 7 in Unarmed Combat
  4366 | D:7      | Reached skill level 5 in Dodging
  4498 | D:7      | Found a runed translucent door.
  4521 | D:7      | Reached skill level 5 in Throwing
  4521 | D:7      | Reached XP level 9. HP: 76/83 MP: 9/9
  4719 | D:8      | Reached skill level 8 in Unarmed Combat
  4768 | D:8      | You fall through a shaft for 3 floors!
  4769 | D:11     | Noticed a tengu conjurer
  4770 | D:11     | Killed a tengu conjurer
  4770 | D:11     | Reached ** piety under Okawaru
  4810 | D:11     | Noticed a cyclops
  4832 | D:11     | Killed a cyclops
  4832 | D:11     | Reached skill level 9 in Unarmed Combat
  4837 | D:11     | Reached *** piety under Okawaru
  4865 | D:11     | Noticed Harold
  4878 | D:11     | Killed Harold
  4878 | D:11     | Reached XP level 10. HP: 65/92 MP: 8/11
  4956 | D:11     | Noticed a six-headed hydra
  4965 | D:11     | Noticed a green ugly thing
  4972 | D:12     | Noticed a gargoyle
  4972 | D:12     | Noticed a gargoyle
  4972 | D:12     | Noticed a gargoyle
  4972 | D:12     | Noticed a gargoyle
  4972 | D:12     | Noticed a war gargoyle
  4972 | D:12     | Noticed a gargoyle
  4972 | D:12     | Noticed a gargoyle
  4972 | D:12     | Noticed a gargoyle
  4972 | D:12     | Noticed a gargoyle
  4977 | D:11     | Slain by a six-headed hydra

Skill      XL: |  1  2  3  4  5  6  7  8  9 |
---------------+----------------------------+-----
Throwing       | 4 5 |  5.6
Dodging        | 2 3 4 5 6 |  6.0
Unarmed Combat | 1 2 3 4 6 7 9 |  9.6
Stealth        | 1 2 |  2.9
Fighting       | 2 3 |  3.9
Invocations    | 1 3 |  3.0

Action                   |  1- 3 |  4- 6 |  7- 9 | 10-12 || total
-------------------------+-------+-------+-------+-------++-------
Melee: Unarmed           |   126 |   175 |   308 |     8 ||   617
       Punch             |       |     2 |    12 |       ||    14
       Giant spiked club |       |       |       |     1 ||     1
Throw: Large rock        |       |     2 |    10 |       ||    12
Invok: Heroism           |       |       |     3 |     1 ||     4
  Use: Scroll            |     5 |     1 |     5 |       ||    11
       Potion            |       |       |     6 |       ||     6
 Stab: Sleeping          |     2 |     1 |     3 |       ||     6
       Distracted        |       |       |     1 |       ||     1
  Eat: Chunk             |    17 |    13 |    26 |     4 ||    60
Armor: Robe              |    61 |    97 |   135 |     6 ||   299
Dodge: Dodged            |    76 |   100 |   258 |    16 ||   450
